 Dungeon Crawl Stone Soup version 0.30-a0-367-g839099abd5 (webtiles) character file.

Game seed: 7325220661805441754

371 MrRokkomies the Insei (level 7, 0/57 HPs)
             Began as a Meteoran Transmuter on Nov 18, 2022.
             Was an Initiate of Fedhas.
             Slain by a worm (10 damage)
             ... on level 5 of the Dungeon.
             The game lasted 00:07:10 (1809 turns).

MrRokkomies the Insei (Meteoran Transmuter)         Turns: 1809, Time: 00:07:12

Health: 0/57       AC: -1    Str: 12    XL:     7   Next: 23%
Magic:  12/12      EV: 14    Int: 15    God:    Fedhas [......]
Gold:   166        SH:  0    Dex: 16    Spells: 2/11 levels left

rFire   . . .      SeeInvis .      - Unarmed
rCold   . . .      Faith    .    (no shield)
rNeg    . . .      Spirit   .    a - +1 robe
rPois   +          Reflect  .    (helmet currently unavailable)
rElec   .          Harm     .    (no cloak)
rCorr   .          Rampage  .    (no gloves)
Will    .....                    (boots currently unavailable)
Stlth   +.........               (no amulet)
HPRegen 0.29/turn                l - ring of poison resistance
MPRegen 0.13/turn                (no ring)

@: appendages (expiring), corroded, glowing
A: horns 2, talons 2, sense surroundings 1, otherworldly, glowing, explore regen
a: End Transformation, Renounce Religion


You were on level 5 of the Dungeon.
You worshipped Fedhas.
Fedhas was noncommittal.
You had temporarily grown beastly horns and talons.
You visited 2 branches of the dungeon, and saw 6 of its levels.

You collected 166 gold pieces.

Inventory:

Hand Weapons
 j - the +3 mace "Demonslayer" {protect, rElec rN+ Dex-5}
   (You found it on level 3 of the Dungeon)

   It grants its wielder temporary protection when it strikes (+7 to AC).
   Dex:       It affects your dexterity (-5).
   rElec:     It insulates you from electricity.
   rN:        It protects you from negative energy.
Missiles
 d - 4 boomerangs
 f - 5 silver javelins
 m - 6 poisoned darts
Armour
 a - a +1 robe (worn)
Jewellery
 l - a ring of poison resistance (left hand)
Wands
 i - a wand of charming (6)
Scrolls
 q - a scroll of teleportation
Potions
 b - a potion of lignification
 c - 2 potions of brilliance
 e - a potion of haste
 h - a potion of cancellation
 k - a potion of flight
 n - a potion of heal wounds
 o - a potion of magic
 p - a potion of curing


   Skills:
 + Level 3.6 Fighting
 + Level 4.1 Dodging
 * Level 5.7 Unarmed Combat
 - Level 2.6 Spellcasting
 + Level 4.0 Transmutations
 * Level 2.5 Invocations


You had 2 spell levels left.
You knew the following spells:

 Your Spells              Type           Power      Damage    Failure   Level
a - Beastly Appendage     Tmut           28%        N/A       4%          1
b - Wereblood             Tmut           14%        N/A       6%          2
c - Spider Form           Tmut/Pois      8%         N/A       26%         3
d - Confusing Touch       Hex            2%         N/A       52%         3

Your spell library contained the following spells:

 Spells                   Type           Power      Damage    Failure   Level
 Kiss of Death            Conj/Necr      8%         2d6       21%         1
 Gell's Gravitas          Tloc           2%         N/A       52%         3
 Hailstorm                Conj/Ice       2%         3d3       52%         3
 Portal Projectile        Hex/Tloc       4%         N/A       52%         3
 Teleport Other           Tloc           2%         N/A       52%         3
 Tukima's Dance           Hex            2%         N/A       52%         3
 Ice Form                 Ice/Tmut       8%         N/A       65%         4
 Blade Hands              Tmut           7%         N/A       73%         5
 Dispel Undead            Necr           2%         3d7       90%         4
 Dispersal                Tloc           1%         N/A       100%        6
 Simulacrum               Ice/Necr       1%         N/A       100%        6


Dungeon Overview and Level Annotations

Branches:
Dungeon (5/15) Zot: 1232   Temple (1/1) D:4 Zot: 570

Altars:
Fedhas
Gozag
Hepliaklqana
Kikubaaqudgha
Okawaru
Qazlal
Trog
Vehumet
The Shining One

Shops:
D:1 ?

Annotations:
D:4 Duvessa


Innate Abilities, Weirdness & Mutations

You have temporarily grown beastly horns and talons.
You passively map a small area around you.
You are easily found by Zot.
You glow in the dark.
You regain HP and MP as you explore.


Message History

The jelly is severely wounded.
The jelly hits you. The acid corrodes you!
You are splashed with acid!
You hit the jelly but do no damage.
Your hands burn!
You claw the jelly.
The jelly is almost dead.
The jelly closely misses you.
You hit the jelly.
You kill the jelly!
Fedhas accepts your kill.
Your Transmutations skill increases to level 4!
You see here a scroll of immolation.
You hit the worm. You claw the worm.
The worm is heavily wounded.
You hit the worm but do no damage. You claw the worm, but do no damage.
Your headbutt misses the worm.
The worm is heavily wounded.
The worm bites you.
You hit the worm.
The worm is heavily wounded.
You barely miss the worm. You claw the worm.
The worm is heavily wounded.
The worm bites you!
You hit the worm but do no damage.
The worm is heavily wounded.
You hit the worm.
The worm is severely wounded.
The worm bites you!
* * * LOW HITPOINT WARNING * * *
You barely miss the worm. You claw the worm, but do no damage.
Your headbutt misses the worm.
The worm is severely wounded.
The worm closely misses you.
You hit the worm but do no damage.
The worm is heavily wounded.
You hit the worm but do no damage. You claw the worm.
You punch the worm, but do no damage.
The worm is almost dead.
Your transformation is almost over.
The worm bites you!
You die...
Fedhas appreciates your contribution to the ecosystem.

* .................†....
........................
........................ ,
......>.....?............
,.........................
,* ,
.........................
,
.........................
........w................
.......@................
####..##..............#. ,
, #.......$............
.....<..............!..#.
, ................#>.# ,
........###..###... , ,
....####. .^.. .. ##.. .,
....., #., . ..... *


You could see a worm.

Vanquished Creatures
  A phantom (D:5)
  A howler monkey (D:4)
  A jelly (D:5)
  A hound (D:4)
  An iguana (D:5)
  An orc wizard (D:3)
  4 gnolls (D:4)
  4 adders
  A worm (D:4)
  A dart slug (D:1)
  3 orcs (D:3)
  5 ball pythons
  7 endoplasms
  4 giant cockroaches
  5 goblins
  5 hobgoblins
  3 jackals (D:1)
  2 quokkas
  3 bats
  4 frilled lizards
  7 kobolds
  3 rats (D:1)
67 creatures vanquished.

Notes
Turn   | Place    | Note
-------+----------+-------------------------------------------
     0 | D:1      | MrRokkomies the Meteoran Transmuter began the quest for the
                  | Orb.
     0 | D:1      | Reached XP level 1. HP: 16/16 MP: 5/5
    58 | D:1      | Reached XP level 2. HP: 23/23 MP: 6/6
   135 | D:1      | Reached skill level 4 in Unarmed Combat
   147 | D:1      | Found Obem's Magic Scroll Boutique.
   152 | D:1      | Reached XP level 3. HP: 27/29 MP: 8/8
   416 | D:2      | Learned a level 2 spell: Wereblood
   420 | D:2      | Learned a level 3 spell: Spider Form
   795 | D:2      | Reached XP level 4. HP: 33/36 MP: 7/9
  1077 | D:3      | Identified the +3 mace "Demonslayer" {protect, rElec rN+
                  | Dex-5}
  1237 | D:3      | Reached XP level 5. HP: 25/42 MP: 6/10
  1345 | D:4      | Noticed Duvessa
  1386 | D:4      | Identified the +10 hand axe of Fawnots {speed, *Slow rElec
                  | rN+++ Int+2}
  1534 | D:4      | Found a staircase to the Ecumenical Temple.
  1557 | D:4      | Reached skill level 5 in Unarmed Combat
  1559 | D:4      | Reached XP level 6. HP: 13/51 MP: 9/11
  1574 | Temple   | Entered the Ecumenical Temple
  1594 | Temple   | Became a worshipper of Fedhas Madash
  1706 | D:4      | Reached skill level 1 in Invocations
  1738 | D:4      | Learned a level 3 spell: Confusing Touch
  1745 | D:5      | Entered Level 5 of the Dungeon
  1757 | D:5      | Reached XP level 7. HP: 57/57 MP: 12/12
  1809 | D:5      | Slain by a worm

Illustrated notes

Levels and vault maps discovered:
D:1:      matt_arrival_los_fun, layout_rooms, serial_shops,
          nicolae_shop_crystal, serial_curves, eino_curves_01, eino_curves_02,
          serial_bayou_pond_b
D:2:      layout_basic, minmay_misc_feat_square
D:3:      layout_basic
D:4:      layout_loops_ring, minmay_temple_entry_arrows, ebering_ghost_gozag,
          uniq_duvessa
D:5:      layout_rooms, minmay_fractal_squares_5
Temple:   jpeg_temple_island

Skill      XL: |  1  2  3  4  5  6  7 |
---------------+----------------------+-----
Unarmed Combat | 4 5 |  5.7
Fighting       | 2 3 |  3.6
Transmutations | 3 4 |  4.0
Dodging        | 3 4 |  4.1
Invocations    | 2 |  2.5
Spellcasting   | |  2.6

Action                   |  1- 3 |  4- 6 |  7- 9 || total
-------------------------+-------+-------+-------++-------
Melee: Unarmed           |    71 |    95 |    19 ||   185
       Kick              |    11 |    27 |     9 ||    47
       Headbutt          |     9 |    10 |     2 ||    21
       Punch             |     2 |     4 |     1 ||     7
 Cast: Beastly Appendage |    16 |    16 |     2 ||    34
       Wereblood         |     2 |     3 |       ||     5
  Use: Scroll            |     5 |     9 |       ||    14
Armor: Robe              |    23 |    13 |       ||    36
Dodge: Dodged            |    43 |    55 |     4 ||   102

Table legend: (Time is in decaauts)
 A = Elapsed time spent in this place.
 B = Non-inter-level travel time spent in this place.
 C = Inter-level travel time spent in this place.
 D = Time resting spent in this place.
 E = Time spent auto-exploring this place.
 F = Levels seen in this place.
 G = Mean time per level.
                   A        B        C        D        E       F      G
               +--------+--------+--------+--------+--------+-----+--------+
         Total |   1796 |   1690 |    106 |      0 |   1155 |   6 |  299.3 |
       Dungeon |   1767 |   1670 |     97 |      0 |   1155 |   5 |  353.4 |
        Temple |     29 |     20 |      9 |      0 |      0 |   1 |   29.0 |
               +--------+--------+--------+--------+--------+-----+--------+

Top non-repeatable levels by time:
     D:2: 726 daAuts
     D:4: 363 daAuts
     D:1: 337 daAuts
     D:3: 278 daAuts
     D:5: 61 daAuts
  Temple: 29 daAuts
